 Dungeon Crawl Stone Soup version 0.29-a0-266-gf56f883ddd (webtiles) character file.

Game seed: 12391199266169924717

858 drugrobin the Chopper (level 7, 60/60 HPs)
             Began as a Demigod Fighter on Mar 6, 2022.
             Quit the game on level 4 of the Dungeon.
             The game lasted 00:11:56 (5503 turns).

drugrobin the Chopper (Demigod Fighter)             Turns: 5503, Time: 00:11:56

Health: 60/60      AC: 12    Str: 25    XL:     7   Next: 43%
Magic:  9/9        EV:  9    Int: 10    God:
Gold:   27         SH:  5    Dex: 13    Spells: 6/6 levels left

rFire   + . .      SeeInvis .   a - +1 war axe (venom)
rCold   . . .      Faith    .   c - +0 buckler
rNeg    . . .      Spirit   .   b - +0 scale mail
rPois   .          Reflect  .   D - +0 helmet
rElec   .          Harm     .   (no cloak)
rCorr   .          Rampage  .   (no gloves)
Will    .....                   (no boots)
Stlth   ..........              p - amulet of regeneration
HPRegen 1.00/turn               e - ring of protection from fire
MPRegen 0.11/turn               C - +4 ring of protection

@: no status effects
A: high MP 1, forlorn, divine attributes
a: no special abilities


You were on level 4 of the Dungeon.
You visited 1 branch of the dungeon, and saw 4 of its levels.

You collected 287 gold pieces.
You spent 260 gold pieces at shops.

Inventory:

Hand Weapons
 a - a +1 war axe of venom (weapon)
 h - a +0 war axe
Missiles
 g - 124 stones
 t - a boomerang (quivered)
 w - 5 poisoned darts
Armour
 b - a +0 scale mail (worn)
 c - a +0 buckler (worn)
 v - the +2 robe of the Muttering Gods {+Blink Will+}
   (You found it on level 3 of the Dungeon)

   +Blink:    It lets you blink.
   Will:      It increases your willpower.
 D - a +0 helmet (worn)
Jewellery
 e - a ring of protection from fire (left hand)
 m - a ring of flight
 p - an amulet of regeneration (around neck)
 C - a +4 ring of protection (right hand)
Wands
 A - a wand of iceblast (14)
Scrolls
 i - a scroll of teleportation {unknown}
 j - a scroll of magic mapping
 l - a scroll of brand weapon {unknown}
 r - a scroll of enchant armour {unknown}
 s - 2 scrolls of acquirement {unknown}
 u - a scroll of enchant weapon
 x - a scroll of fear {unknown}
 y - 2 scrolls of blinking
 z - a scroll of vulnerability {unknown}
 E - a scroll of immolation
Potions
 d - 3 potions of might
 f - 3 potions of heal wounds
 k - 2 potions of resistance
 n - 2 potions of lignification
 o - 2 potions of brilliance
 q - a potion of ambrosia
 B - 4 potions of curing
 F - a potion of flight


   Skills:
 + Level 4.5 Fighting
 * Level 5.0 Axes
 + Level 4.5 Armour
 + Level 4.5 Shields


You had 6 spell levels left.
You didn't know any spells.
Your spell library contained the following spells:

 Spells                   Type           Power      Damage    Failure   Level
 Ensorcelled Hibernation  Hex/Ice        0%         N/A       86%         2
 Passwall                 Tmut/Erth      0%         N/A       86%         2
 Conjure Flame            Conj/Fire      0%         6-21      98%         3
 Ignite Poison            Fire/Tmut/Pois 0%         N/A       98%         3
 Swiftness                Air            0%         N/A       98%         3
 Sticky Flame             Conj/Fire      0%         2d3       100%        4
 Dispersal                Tloc           0%         N/A       100%        6
 Disjunction              Tloc           0%         N/A       100%        8


Dungeon Overview and Level Annotations

Branches:
Dungeon (4/15)
 Temple: D:4-7

Shops:
D:1 !


Innate Abilities, Weirdness & Mutations

You have an increased reservoir of magic. (+10% MP)
You shall have no god before yourself.
Your divine heritage dramatically boosts your attributes as you level up.


Message History

Done exploring.
Done exploring.
Done exploring.
You see here a +0 spear.
You see here a +0 club.
There is a stone staircase leading down here.
You climb downwards.
There is a stone staircase leading up here.
Unknown command.
Done exploring.
Done exploring.
Done exploring.
There is a stone staircase leading down here.
You climb downwards.
There is a stone staircase leading up here.
Done exploring.
Done exploring.
Done exploring.
You see here a +0 club.
There is a stone staircase leading down here.
You climb downwards.
There is a stone staircase leading up here.
You see here a +0 leather armour.
You now have 27 gold pieces (gained 6).
There is a transporter here.
Key pressed, stopping explore.
There is an open door here.
You see here a +0 club.
You see here a +0 whip.
You see here a +0 short sword.
You open the door.
Found a hunting sling.
There is an open door here.
You see here a +0 short sword.
There is an open door here.
You open the door.
Found a hazy altar of Hepliaklqana.
Unknown command.
Unknown command.
Are you sure you want to abandon this character and quit the game? (Confirm with "yes".)

....# ##........#
....#########....#.##
.......).........#.###
.......##....#.......#
..........#####......#
.......#.....##......##
#..###...###.###......#
##.......###.# #..[...#########
#)##........# #@.............#
##.###.###...# #'##.....≈≈≈...#
.............# ♣.♣##>..♣≈P.P..#
##.#..###...## ... #....≈P≈...###
##...###..#..# ._. ##..)........P
.........#####♣...♣#..........P..
.#############≈♣8♣≈#.............
.............#≈≈≈≈≈#.....<>...♣≈P
############## #.....##..≈≈♣≈


There were no monsters in sight!

Vanquished Creatures
  A fire bat (D:4)
  The ghost of Kissindre the Ruffian, an amateur DrTm of Ashenzari (D:4)
  A black bear (D:4)
  An ogre (D:4)
  A necrophage (D:4)
  A killer bee (D:3)
  A jelly (D:4)
  An orc priest (D:3)
  Natasha (thrice) (D:2)
  4 gnolls
  6 adders
  A worm (D:3)
  A dart slug (D:2)
  8 orcs
  6 bats
  7 endoplasms
  2 giant cockroaches
  9 hobgoblins
  2 jackals (D:1)
  9 kobolds
  3 quokkas
  5 ball pythons
  4 frilled lizards
  7 goblins
  3 rats
  2 bushes (D:1)
90 creatures vanquished.

Vanquished Creatures (others)
  3 plants
3 creatures vanquished.

Grand Total: 93 creatures vanquished

Notes
Turn   | Place    | Note
-------+----------+-------------------------------------------
     0 | D:1      | drugrobin the Demigod Fighter began the quest for the Orb.
     0 | D:1      | Reached XP level 1. HP: 18/18 MP: 3/3
   271 | D:1      | Reached skill level 2 in Axes
   377 | D:1      | Reached XP level 2. HP: 25/25 MP: 4/4
   494 | D:1      | Found Lubleeha's Distillery.
  1375 | D:2      | Reached XP level 3. HP: 30/31 MP: 5/5
  1739 | D:2      | Noticed Natasha
  1745 | D:2      | Killed Natasha
  2046 | D:2      | Noticed Natasha
  2055 | D:2      | Killed Natasha
  2056 | D:2      | Reached XP level 4. HP: 27/38 MP: 6/6
  2088 | D:2      | Noticed Natasha
  2095 | D:2      | Killed Natasha
  3112 | D:3      | Identified the +2 robe of the Muttering Gods {+Blink Will+}
  3150 | D:3      | Reached XP level 5. HP: 32/45 MP: 7/7
  3193 | D:3      | Reached skill level 3 in Axes
  4276 | D:4      | Found a runed translucent door.
  4276 | D:4      | Noticed Kissindre's ghost (amateur DrTm)
  4296 | D:3      | Reached XP level 6. HP: 9/52 MP: 8/8
  4302 | D:3      | HP: 2/52 [poisoned by a killer bee]
  4829 | D:4      | Found a transporter.
  4851 | D:4      | Found a transporter.
  4852 | D:4      | Noticed a fire bat
  4870 | D:4      | Killed a fire bat
  4871 | D:4      | Reached skill level 4 in Axes
  4922 | D:4      | Killed Kissindre's ghost
  4923 | D:4      | Reached XP level 7. HP: 46/59 MP: 9/9
  5033 | D:4      | Reached skill level 5 in Axes
  5267 | D:1      | Bought a potion of curing for 39 gold pieces
  5267 | D:1      | Bought a potion of heal wounds for 65 gold pieces
  5267 | D:1      | Bought a potion of might for 52 gold pieces
  5267 | D:1      | Bought a potion of flight for 39 gold pieces
  5267 | D:1      | Bought a potion of might for 52 gold pieces
  5267 | D:1      | Bought a potion of degeneration for 13 gold pieces
  5503 | D:4      | Quit the game

Illustrated notes

Levels and vault maps discovered:
D:1:      minmay_arrival_loop, layout_loops_cross, serial_shops, shop,
          serial_forest, infiniplex_forest_end_3, infiniplex_forest_straight_2,
          infiniplex_forest_clump_C, infiniplex_forest_clump_small,
          infiniplex_forest_corner_1, infiniplex_forest_straight_4,
          infiniplex_forest_straight_1
D:2:      layout_basic, hellmonk_ecumenical_altar_lost_god, uniq_natasha
D:3:      layout_basic
D:4:      gammafunk_cloud_chamber, layout_rooms,
          worldfamousw_hep_ancestral_shrine, ebering_ghost_inner_flame,
          serial_bayou_pond_e, serial_bayou_pond_a, kennysheep_generic_room_9

Skill      XL: |  1  2  3  4  5  6  7 |
---------------+----------------------+-----
Axes           | 2 3 4 5 |  5.0
Fighting       | 3 4 |  4.5
Armour         | 3 4 |  4.5
Shields        | 3 4 |  4.5

Action                   |  1- 3 |  4- 6 |  7- 9 || total
-------------------------+-------+-------+-------++-------
Melee: War axe           |   256 |   161 |    12 ||   429
Throw: Stone             |     6 |       |       ||     6
       Boomerang         |       |     8 |     4 ||    12
       Dart              |       |     1 |       ||     1
  Use: Scroll            |     3 |     5 |     1 ||     9
       Potion            |       |     1 |       ||     1
Armor: Scale mail        |    46 |    59 |     6 ||   111
       Robe              |       |     4 |       ||     4
Dodge: Dodged            |    52 |    96 |     1 ||   149
Block: Buckler           |    26 |    47 |     4 ||    77

Table legend: (Time is in decaauts)
 A = Elapsed time spent in this place.
 B = Non-inter-level travel time spent in this place.
 C = Inter-level travel time spent in this place.
 D = Time resting spent in this place.
 E = Time spent auto-exploring this place.
 F = Levels seen in this place.
 G = Mean time per level.
                   A        B        C        D        E       F      G
               +--------+--------+--------+--------+--------+-----+--------+
         Total |   5691 |   5144 |    547 |   1031 |   2376 |   4 | 1422.8 |
       Dungeon |   5691 |   5144 |    547 |   1031 |   2376 |   4 | 1422.8 |
               +--------+--------+--------+--------+--------+-----+--------+

Top non-repeatable levels by time:
     D:3: 1785 daAuts
     D:1: 1671 daAuts
     D:2: 1524 daAuts
     D:4: 710 daAuts
